 Dungeon Crawl Stone Soup version 0.29-a0-2-g12fcac58f8 (webtiles) character file.

Game seed: 1840072443620116989

70119 mathmaestro the Grappler (level 14, -6/138 (143) HPs)
             Began as a Troll Monk on Jan 26, 2022.
             Was a High Priest of Jiyva.
             Mangled by a soul eater (15 damage)
             ... summoned by an orc high priest
             ... on level 2 of the Orcish Mines.
             The game lasted 00:48:15 (17916 turns).

mathmaestro the Grappler (Troll Monk)              Turns: 17916, Time: 00:48:15

HP:   -6/138 (143)  AC: 14    Str: 26    XL:     14   Next: 92%
MP:   10/13         EV: 17    Int:  6    God:    Jiyva [*****.]
Gold: 1840          SH:  0    Dex: 16    Spells: 13/13 levels left

rFire   + + +      SeeInvis .     - Unarmed
rCold   + . .      Faith    .   (no shield)
rNeg    . . .      Spirit   .   y - +5 fire dragon scales
rPois   +          Reflect  .   J - +0 hat
rElec   .          Harm     .   I - scarf {rC+ rF+}
rCorr   +          Rampage  .   (gloves unavailable)
Will    +....                   (boots unavailable)
Stlth   +.........              G - amulet of regeneration
HPRegen 3.37/turn               f - +4 ring of evasion
MPRegen 0.58/turn               L - ring of protection from cold

@: about to teleport, lightly drained
A: large, unfitting armour, claws 3, regeneration 1, shaggy fur 1, tough skin 1,
agile 2, poison resistance, pseudopods 3, sturdy frame 1, noise suppression
a: Renounce Religion, Oozemancy, Slimify


You were on level 2 of the Orcish Mines.
You worshipped Jiyva.
Jiyva was extremely pleased with you.
You visited 4 branches of the dungeon, and saw 19 of its levels.
You also visited: Sewer and Volcano.

You collected 1900 gold pieces.
You spent 60 gold pieces at shops.

Inventory:

Hand Weapons
 t - a +6 scimitar of flaming
Missiles
 h - 10 boomerangs
 l - 15 large rocks (quivered)
 B - 9 javelins
Armour
 y - +5 fire dragon scales (worn)
 I - a scarf of resistance (worn)
 J - a +0 hat (worn)
Jewellery
 c - a ring of poison resistance
 f - a +4 ring of evasion (left claw)
 k - a +6 ring of strength
 v - a ring of willpower
 G - an amulet of regeneration (around neck)
 L - a ring of protection from cold (right claw)
Wands
 p - a wand of digging (19)
 A - a wand of flame (26)
 C - a wand of iceblast (7)
Scrolls
 d - a scroll of silence
 i - a scroll of identify
 o - 5 scrolls of teleportation
 s - 3 scrolls of immolation
 x - 2 scrolls of fog
 K - a scroll of magic mapping
Potions
 a - 2 potions of berserk rage
 b - a potion of magic
 e - a potion of invisibility
 g - a potion of might
 m - 7 potions of flight
 n - a potion of curing
 w - a potion of mutation
 D - 2 potions of haste
 F - 4 potions of lignification
Miscellaneous
 H - a condenser vane


   Skills:
 + Level 10.0 Fighting
 - Level 10.0 Throwing
 + Level 9.3 Armour
 - Level 10.0 Dodging
 - Level 1.0 Stealth
 + Level 11.9 Unarmed Combat
 + Level 8.8 Evocations


You had 13 spell levels left.
You didn't know any spells.
Your spell library contained the following spells:

 Spells                   Type           Power      Damage    Failure   Level
 Animate Skeleton         Necr           0%         N/A       65%         1
 Magic Dart               Conj           0%         1d3       65%         1
 Pain                     Necr           0%         1d4       65%         1
 Shock                    Conj/Air       0%         1d3       65%         1
 Call Imp                 Summ           0%         N/A       78%         2
 Corpse Rot               Necr/Air       0%         N/A       78%         2
 Sublimation of Blood     Necr           0%         N/A       78%         2
 Wereblood                Tmut           0%         N/A       78%         2
 Confusing Touch          Hex            0%         N/A       95%         3
 Mephitic Cloud           Conj/Pois/Air  0%         N/A       95%         3
 Swiftness                Air            0%         N/A       95%         3
 Vampiric Draining        Necr           0%         2d6       95%         3
 Airstrike                Air            0%         N/A       100%        4
 Anguish                  Hex/Necr       0%         N/A       100%        4
 Cause Fear               Hex            0%         N/A       100%        4
 Dispel Undead            Necr           0%         3d6       100%        4
 Petrify                  Tmut/Erth      0%         N/A       100%        4
 Iskenderun's Battlesphe  Conj           0%         2d6       100%        5
 Metabolic Englaciation   Hex/Ice        0%         N/A       100%        5
 Yara's Violent Unravell  Hex/Tmut       0%         3d3       100%        5
 Death Channel            Necr           0%         N/A       100%        6
 Iron Shot                Conj/Erth      0%         9d1       100%        6
 Statue Form              Tmut/Erth      0%         N/A       100%        6
 Dragon Form              Tmut           0%         N/A       100%        7
 Spellforged Servitor     Conj/Summ      0%         N/A       100%        7
 Summon Hydra             Summ           0%         N/A       100%        7
 Dragon's Call            Summ           0%         N/A       100%        9


Dungeon Overview and Level Annotations

Branches:
Dungeon (10/15)            Temple (1/1) D:6            Lair (6/6) D:8
  Swamp (0/4) Lair:3       Spider (0/4) Lair:3        Slime (0/5) Lair:5
    Orc (2/2) D:10            Elf (0/3) Orc:2         Sewer (visited)
Volcano (visited)

Altars:
Ashenzari
Cheibriados
Dithmenos
Elyvilon
Fedhas
Gozag
Hepliaklqana
Kikubaaqudgha
Makhleb
Nemelex Xobeh
Okawaru
Qazlal
Ru
Sif Muna
Trog
Uskayaw
Vehumet
Wu Jian
Xom
Yredelemnul
Zin
The Shining One
Jiyva

Shops:
D:4 *

Annotations:
Lair:4 exclusion: oklob plant


Innate Abilities, Weirdness & Mutations

You are too large for most types of armour.
You have claws for hands.
Your natural rate of healing is unusually fast.
You are covered in fur. (AC +1)
You have tough skin. (AC +1)
You are very agile. (Dex +4)
Your system is resistant to poisons. (rPois)
Armour fits poorly on your massive pseudopods.
Your movements are slightly less encumbered by armour. (ER -2)
You passively dampen the noise of your surroundings.


Message History

The orc high priest hits the slime creature with a +0 hand axe!
The soul eater hits you but does no damage.
The sixfirhy hits the slime creature!
The sixfirhy shocks the slime creature!
Unknown command.
As you read the scroll of teleportation, it crumbles to dust.
You feel strangely unstable.
The orc no longer looks unusually strong.
You hear a slurping noise.
The slime creature misses the sixfirhy.
An orc wizard comes into view. It is wielding a +0 dagger.
The ynoxinul gestures.
The ynoxinul closely misses you.
The orc high priest invokes the aid of Beogh against you.
Beogh smites you!
* * * LOW HITPOINT WARNING * * *
The ice devil misses you.
The orc priest mumbles some strange prayers to Beogh against you.
Beogh smites you!
* * * LOW HITPOINT WARNING * * *
The orc high priest hits the slime creature with a +0 hand axe!
The slime creature dies!
The soul eater closely misses you.
Unknown command.
You feel better.
The orc wizard shouts!
The orc priest no longer looks unusually strong.
The orc wizard mumbles some strange words.
The orc wizard flickers and vanishes!
Deactivating autopickup; reactivate with Ctrl-A.
The ice devil hits you.
* * * LOW HITPOINT WARNING * * *
The ice devil freezes you! You resist.
* * * LOW HITPOINT WARNING * * *
The ynoxinul gestures at you. The iron shot misses you.
The iron shot hits the ufetubus!!
The ufetubus dies!
The ufetubus disappears in a puff of smoke!
The orc high priest barely misses you. The orc priest misses you.
The soul eater hits you!
You die...

###...........#
#.............# o...
..............# ....
#........#....# .....
###......)....## .{÷.÷
.###.#...)#....# .÷...#
...##..).)##...## #5...#
.....#..).##...3##o45..#
##
##........###..3@o3o5#
## ##. ###.#....#
##.4oo.3## ##.# #..
###....# ##§..### ###...
##.. #....## #####
##.#..###... ####.### #
##.###......###..
###.....##.##
#...#........####
##..........#
#...........#.#.
..#..#..##.##
##..............
....#...####
............<...


You could see a soul eater (summoned), 2 orc high priests, an ice devil
(summoned), a sixfirhy (summoned), 2 ynoxinuls, a chaos spawn (summoned), an orc
warrior (strong), an orc priest, an orc and 3 ufetubi.

Vanquished Creatures
  A dire elephant (Lair:6)
  Josephine (Lair:5)
  An ogre mage (Volcano)
  7 hydras
  2 catoblepae (Lair:6)
  Erica (Lair:1)
  A death knight (D:8)
  9 two-headed ogres
  5 death yaks (Lair:6)
  A hell knight (Volcano)
  The ghost of oldriver the Covert, a novice NaVM (D:6)
  A fire crab (Lair:6)
  4 bog bodies (Lair:3)
  3 orc knights (Orc:2)
  3 lindwurms (Lair:6)
  5 orc sorcerers
  10 elephants
  2 manticores (Lair:6)
  2 cyclopes
  8 black mambas
  10 cane toads
  5 rime drakes
  4 komodo dragons
  An efreet (D:8)
  10 polar bears
  2 trolls
  19 dream sheep
  8 blink frogs
  2 raiju (Lair:6)
  3 culicivoras (Lair:3)
  2 basilisks
  60 yaks
  4 wraiths
  5 wyverns
  4 steam dragons
  An acid dragon (D:10)
  Edmund (D:6)
  7 wargs
  19 water moccasins
  14 hell hounds (Lair:6)
  19 orc warriors
  2 necrophages
  11 black bears (Lair:6)
  An ice beast (D:6)
  6 ogres
  12 wolves (Lair:6)
  3 centaurs (D:8)
  2 kobold brigands
  21 bullfrogs
  A wyvern zombie (D:7)
  4 scorpions
  5 killer bees (D:8)
  A wight (D:8)
  6 electric eels
  6 centaur zombies
  A hound (D:6)
  8 orc priests
  3 bullfrog skeletons (D:6)
  4 iguanas
  23 orc wizards
  4 hound skeletons (D:4)
  A howler monkey zombie (D:9)
  10 adders
  2 river rats (Sewer)
  A shadow imp (D:7)
  A white imp (D:5)
  3 ufetubi
  An adder skeleton (D:4)
  2 worms
  4 dart slugs
  52 orcs
  7 endoplasms
  3 giant cockroaches
  7 goblins
  5 hobgoblins
  A jackal (Sewer)
  5 quokkas
  5 ball pythons
  5 bats
  11 frilled lizards
  7 kobolds
  10 rats
535 creatures vanquished.

Vanquished Creatures (others)
  An elephant (Lair:6)
  A slime creature (Orc:2)
  A hell hound (Lair:6)
  A water moccasin (Lair:6)
  An orc warrior (Orc:1)
  A wolf (Lair:6)
  An electric eel (D:10)
  28 jellies
  An orc wizard (Orc:1)
  5 orcs
  A bush (Lair:2)
  68 fungi
  98 plants
208 creatures vanquished.

Grand Total: 743 creatures vanquished

Notes
Turn   | Place    | Note
-------+----------+-------------------------------------------
     0 | D:1      | mathmaestro the Troll Monk began the quest for the Orb.
     0 | D:1      | Reached XP level 1. HP: 22/22 MP: 0/0
   195 | D:1      | Reached XP level 2. HP: 29/29 MP: 1/1
   898 | D:2      | Found a radiant altar of Vehumet.
   924 | D:2      | Reached XP level 3. HP: 36/36 MP: 2/2
  1058 | D:2      | Reached XP level 4. HP: 45/45 MP: 3/3
  1550 | D:3      | Found a hazy altar of Hepliaklqana.
  1791 | D:3      | Found a burning altar of Makhleb.
  1793 | D:3      | Found an ancient bone altar of Kikubaaqudgha.
  1795 | D:3      | Found a snail-covered altar of Cheibriados.
  2105 | D:4      | Reached XP level 5. HP: 53/53 MP: 4/4
  2114 | D:4      | Reached skill level 4 in Unarmed Combat
  2126 | D:4      | Reached skill level 1 in Throwing
  2132 | D:4      | Reached skill level 1 in Armour
  2135 | D:4      | Reached skill level 1 in Evocations
  2145 | D:4      | Reached XP level 6. HP: 46/61 MP: 5/5
  2201 | D:4      | Found Lasowur's General Store.
  2212 | D:4      | Bought a scroll of fog for 24 gold pieces
  2212 | D:4      | Bought a potion of degeneration for 12 gold pieces
  2212 | D:4      | Bought a scroll of identify for 24 gold pieces
  2833 | D:5      | Entered Level 5 of the Dungeon
  3138 | D:5      | Reached XP level 7. HP: 68/68 MP: 6/6
  3334 | D:5      | Found a bloodstained altar of Trog.
  3555 | D:6      | Noticed Edmund
  3569 | D:6      | Killed Edmund
  3570 | D:6      | Reached skill level 5 in Unarmed Combat
  3570 | D:6      | Reached XP level 8. HP: 52/78 MP: 7/7
  3612 | D:6      | Reached skill level 5 in Fighting
  3612 | D:6      | Reached skill level 5 in Throwing
  3612 | D:6      | Reached skill level 5 in Dodging
  3612 | D:6      | Reached skill level 7 in Unarmed Combat
  3612 | D:6      | Reached XP level 9. HP: 86/89 MP: 8/8
  3701 | D:6      | Got the Handbook of Curses
  3702 | D:6      | Found a staircase to the Ecumenical Temple.
  3752 | D:6      | Found a glowing drain.
  3766 | Sewer    | Entered a sewer
  3867 | Sewer    | Found a white marble altar of Elyvilon.
  3989 | D:6      | Found a runed translucent gate.
  4219 | D:6      | Found a runed translucent gate.
  4221 | D:6      | Found a runed translucent gate.
  4221 | D:6      | Noticed oldriver's ghost (novice NaVM)
  4506 | D:6      | Killed oldriver's ghost
  4507 | D:6      | Reached skill level 5 in Armour
  4604 | D:7      | Found an ornate altar of the Wu Jian Council.
  4689 | Temple   | Entered the Ecumenical Temple
  5060 | D:7      | Reached skill level 5 in Evocations
  5418 | D:7      | Identified the +0 ring mail "Jiumpaq" {Dex+2}
  5579 | D:8      | Found a radiant altar of Vehumet.
  5606 | D:8      | Reached XP level 10. HP: 82/100 MP: 9/9
  6093 | D:8      | Noticed a death knight
  6219 | D:7      | Reached skill level 8 in Unarmed Combat
  6369 | D:9      | Noticed a two-headed ogre
  6377 | D:9      | Killed a two-headed ogre
  6406 | D:9      | Noticed a two-headed ogre
  6414 | D:9      | Killed a two-headed ogre
  6457 | D:9      | Found a hide-covered altar of Uskayaw.
  6460 | D:9      | Found a stormy altar of Qazlal.
  6611 | D:9      | Reached XP level 11. HP: 87/107 MP: 10/10
  7103 | D:8      | Killed a death knight
  7412 | D:8      | Found a staircase to the Lair.
  7483 | Lair:1   | Entered Level 1 of the Lair of Beasts
  7737 | Lair:1   | Noticed Erica
  7758 | Lair:1   | Killed Erica
  8692 | Lair:2   | Reached skill level 9 in Unarmed Combat
  8903 | Lair:2   | Noticed a six-headed hydra
  8911 | Lair:2   | Killed a two-headed hydra
  9013 | Lair:2   | Identified the ring of Temperance {*Slow rPois rF+ SInv}
  9027 | Lair:2   | Noticed an eight-headed hydra
  9036 | Lair:2   | Killed a five-headed hydra
  9037 | Lair:2   | Reached XP level 12. HP: 32/119 MP: 11/11
  9788 | Lair:3   | Gained mutation: You are resistant to electric shocks.
                  | (rElec) [potion of mutation]
 10478 | Lair:3   | Found a hole to the Spider Nest.
 10643 | Lair:3   | Found a staircase to the Swamp.
 10647 | Lair:3   | HP: 5/120 [bog body/bolt of cold (15)]
 11700 | Lair:4   | Reached skill level 10 in Unarmed Combat
 11978 | Lair:4   | Reached XP level 13. HP: 83/128 MP: 12/12
 12900 | Lair:5   | Found a staircase to the Slime Pits.
 12901 | Lair:5   | Found a viscous altar of Jiyva.
 12907 | Lair:5   | Became a worshipper of Jiyva Jutuaph the Shapeless
 12907 | Lair:5   | Reached * piety under Jiyva
 12907 | Lair:5   | Reached ** piety under Jiyva
 13396 | Lair:6   | Entered Level 6 of the Lair of Beasts
 13575 | Lair:6   | Noticed Josephine
 13599 | Lair:5   | Killed Josephine
 13873 | Lair:6   | Found a dark tunnel.
 13882 | Volcano  | Entered a volcano
 13911 | Volcano  | Paralysed by an ogre mage for 6 turns
 13919 | Volcano  | Found a radiant altar of Vehumet.
 13988 | Volcano  | HP: 6/131 [hell knight (16)]
 14445 | Lair:6   | Reached *** piety under Jiyva
 14721 | Lair:6   | Reached skill level 11 in Unarmed Combat
 14721 | Lair:6   | Reached XP level 14. HP: 68/140 MP: 13/13
 14853 | Lair:6   | Lost mutation: You are resistant to electric shocks.
                  | (rElec) [Jiyva's grace]
 14853 | Lair:6   | Gained mutation: You have a small jelly attached to you
                  | that may absorb projectiles. [Jiyva's grace]
 14853 | Lair:6   | Gained mutation: Your movements are slightly less
                  | encumbered by armour. (ER -2) [Jiyva's grace]
 14853 | Lair:6   | Gained mutation: Your movements are less encumbered by
                  | armour. (ER -4) [Jiyva's grace]
 14853 | Lair:6   | Gained mutation: Your movements are significantly less
                  | encumbered by armour. (ER -6) [Jiyva's grace]
 15233 | Lair:6   | Lost mutation: You have a small jelly attached to you that
                  | may absorb projectiles. [potion of mutation]
 15233 | Lair:6   | Lost mutation: Your movements are significantly less
                  | encumbered by armour. (ER -6) [potion of mutation]
 15233 | Lair:6   | Lost mutation: Your movements are less encumbered by
                  | armour. (ER -4) [potion of mutation]
 15233 | Lair:6   | Gained mutation: Your skin changes colour to match your
                  | surroundings (Stealth+). [potion of mutation]
 15233 | Lair:6   | Gained mutation: You passively dampen the noise of your
                  | surroundings. [potion of mutation]
 15233 | Lair:6   | Gained mutation: You are agile. (Dex +2) [potion of
                  | mutation]
 15233 | Lair:6   | Gained mutation: Your system is resistant to poisons.
                  | (rPois) [potion of mutation]
 15535 | Lair:6   | Reached **** piety under Jiyva
 16022 | D:10     | Entered Level 10 of the Dungeon
 16145 | D:10     | Found a staircase to the Orcish Mines.
 16423 | D:10     | Reached skill level 10 in Throwing
 16454 | D:10     | Reached ***** piety under Jiyva
 16590 | D:10     | Found a shadowy altar of Dithmenos.
 16965 | Orc:1    | Entered Level 1 of the Orcish Mines
 17242 | Orc:2    | Entered Level 2 of the Orcish Mines
 17267 | Orc:2    | Lost mutation: Your skin changes colour to match your
                  | surroundings (Stealth+). [Jiyva's grace]
 17267 | Orc:2    | Gained mutation: Armour fits poorly on your pseudopods.
                  | [Jiyva's grace]
 17267 | Orc:2    | Gained mutation: Armour fits poorly on your large
                  | pseudopods. [Jiyva's grace]
 17267 | Orc:2    | Gained mutation: Armour fits poorly on your massive
                  | pseudopods. [Jiyva's grace]
 17267 | Orc:2    | Gained mutation: You are very agile. (Dex +4) [Jiyva's
                  | grace]
 17317 | Orc:2    | Found a staircase to the Elven Halls.
 17535 | Orc:2    | Paralysed by an orc sorcerer for 5 turns
 17713 | Orc:2    | Reached skill level 10 in Dodging
 17903 | Orc:2    | Reached skill level 10 in Fighting
 17916 | Orc:2    | Mangled by a soul eater

Illustrated notes

Levels and vault maps discovered:
D:1:      dpeg_arrival_subterranean_lakeside_camping, layout_basic
D:2:      layout_basic, basic_altar
D:3:      layout_basic, old_standard_altar, grunt_temple_overflow_open,
          minmay_lizard_king
D:4:      layout_loops_ring, serial_shops, nicolae_square_shop,
          minmay_a_box_with_orc_wizards_in_it
D:5:      layout_gridville, trog_butcher_becter, serial_bayou,
          serial_bayou_lake_a, serial_bayou_pond_e, serial_bayou_shore_b,
          serial_bayou_pond_b
D:6:      layout_loops_ring, minmay_temple_entry_tees,
          ebering_ghost_rock_garden, portal_sewer_entry_d,
          kennysheep_generic_room_8, uniq_edmund
D:7:      layout_gridville, nicolae_overflow_crystal_walls
D:8:      layout_rooms, mainiacjoe_overflow_surrounded_room,
          grunt_lair_entry_orc_guard_hut, nzn_random_ring
D:9:      layout_long_grid, mainiacjoe_overflow_catwalk_spiral
D:10:     layout_basic, kennysheep_little_box, orc_david_3
Temple:   minmay_temple_bridge_abc
Lair:1:   layout_gridlike, minivault_23, grunt_megastairs_1, uniq_erica
Lair:2:   layout_chaotic_city, grunt_megastairs_3
Lair:3:   layout_chaotic_city, nicolae_swamp_entry_splash_gauntlet,
          hellmonk_spider_entry_life_and_decay
Lair:4:   layout_layer_cave, minivault_19, st_stairs_7, lookout_lair_type,
          kennysheep_catoblepas_arena, infiniplex_staircase_pool,
          serial_bayou_shore_b
Lair:5:   layout_regular_city, slime_altar_1, lemuel_fruit_fields
Lair:6:   hangedman_lair_in_review, layout_small_grid,
          hangedman_lair_caniforms_friends, enter_volcano_3,
          serial_bayou_shore_b, uniq_josephine
Orc:1:    layout_caves
Orc:2:    grunt_orc_tribal_feast, layout_caves

Skill      XL: |  1  2  3  4  5  6  7  8  9 10 11 12 13 14 |
---------------+-------------------------------------------+-----
Fighting       | 3 4 5 6 7 8 9 10 | 10.0
Dodging        | 3 4 5 6 7 8 9 10 | 10.0
Unarmed Combat | 4 5 7 8 9 10 11 | 11.9
Throwing       | 1 2 5 6 7 8 9 10 | 10.0
Armour         | 1 2 4 5 6 7 8 9 |  9.3
Evocations     | 1 2 4 5 6 7 8 |  8.8
Stealth        | |  1.0

Action                   |  1- 3 |  4- 6 |  7- 9 | 10-12 | 13-15 || total
-------------------------+-------+-------+-------+-------+-------++-------
Melee: Unarmed           |    97 |   176 |   174 |   669 |   915 ||  2031
       Punch             |       |     6 |    10 |    52 |    80 ||   148
       Scimitar          |       |       |       |    10 |    25 ||    35
       Pseudopods        |       |       |       |       |    29 ||    29
Throw: Large rock        |       |       |       |     8 |     4 ||    12
Invok: Slimify           |       |       |       |       |     1 ||     1
       Oozemancy         |       |       |       |       |     1 ||     1
Evoke: Wand              |       |       |       |     2 |     7 ||     9
  Use: Scroll            |       |     3 |    10 |    19 |     6 ||    38
       Potion            |       |       |     2 |     3 |     6 ||    11
 Stab: Sleeping          |     4 |     2 |       |       |       ||     6
       Petrified         |       |       |       |       |     5 ||     5
Armor: Robe              |    26 |    32 |       |       |       ||    58
       Fire dragon scale |       |    31 |    66 |   252 |   580 ||   929
Dodge: Dodged            |    43 |   107 |   115 |   473 |   920 ||  1658

Table legend: (Time is in decaauts)
 A = Elapsed time spent in this place.
 B = Non-inter-level travel time spent in this place.
 C = Inter-level travel time spent in this place.
 D = Time resting spent in this place.
 E = Time spent auto-exploring this place.
 F = Levels seen in this place.
 G = Mean time per level.
                   A        B        C        D        E       F      G
               +--------+--------+--------+--------+--------+-----+--------+
         Total |  17784 |  16891 |    893 |   1193 |  11427 |  21 |  846.9 |
       Dungeon |   8290 |   7920 |    370 |    387 |   5789 |  10 |  829.0 |
        Temple |    218 |    192 |     26 |      0 |    188 |   1 |  218.0 |
          Lair |   7874 |   7387 |    487 |    648 |   4738 |   6 | 1312.3 |
  Orcish Mines |    917 |    908 |      9 |    118 |    471 |   2 |  458.5 |
         Sewer |    166 |    166 |      0 |      0 |    127 |   1 |  166.0 |
       Volcano |    316 |    316 |      0 |     40 |    114 |   1 |  316.0 |
               +--------+--------+--------+--------+--------+-----+--------+

Top non-repeatable levels by time:
  Lair:6: 1760 daAuts
  Lair:4: 1642 daAuts
  Lair:3: 1246 daAuts
     D:8: 1191 daAuts
  Lair:5: 1141 daAuts
  Lair:2: 1057 daAuts
  Lair:1: 1027 daAuts
     D:6: 990 daAuts
    D:10: 971 daAuts
     D:9: 827 daAuts
     D:7: 816 daAuts
     D:2: 761 daAuts
     D:4: 726 daAuts
     D:1: 714 daAuts
     D:5: 676 daAuts
